 Dungeon Crawl Stone Soup version 0.20-a0-681-gf83e07f (webtiles) character file.

556 KristoblXynda the Sneak (level 7, -3/32 HPs)
             Began as a Spriggan Enchanter on Feb 18, 2017.
             Slain by Edmund
             ... wielding a +0 dire flail of protection
              (11 damage)
             ... on level 4 of the Dungeon.
             The game lasted 00:11:58 (4002 turns).

KristoblXynda the Sneak (Spriggan Enchanter)        Turns: 4002, Time: 00:11:58

Health: -3/32      AC:  9    Str:  5    XL:     7   Next: 8%
Magic:  6/14       EV: 18    Int: 17    God:
Gold:   105        SH:  0    Dex: 19    Spells: 5/14 levels left

rFire    . . .     SeeInvis +   a - +1 dagger
rCold    . . .     Gourm    .   b - +1 robe
rNeg     . . .     Faith    .   (shield restricted)
rPois    .         Spirit   .   n - +2 hat
rElec    .         Reflect  .   i - +1 cloak
rCorr    .         Harm     .   (gloves unavailable)
MR       +....                  (boots unavailable)
Stlth    ++++......             (no amulet)
Regen    0.1/turn               (no ring)
MPRegen  0.2/turn               (no ring)

@: very quick
A: unfitting armour, molten scales 1, see invisible, agile 1, herbivore 3, speed
3, sense surroundings 1, slow metabolism 2
a: no special abilities


You were on level 4 of the Dungeon.
You were not hungry.

You visited 1 branch of the dungeon, and saw 4 of its levels.

You collected 105 gold pieces.

Inventory:

Hand Weapons
 a - a +1 dagger (weapon)
Armour
 b - a +1 robe (worn)
 i - a +1 cloak (worn)
 n - a +2 hat (worn)
 o - a +0 buckler
Scrolls
 e - 4 scrolls of fog
 f - a scroll of enchant weapon {unknown}
 g - a scroll of enchant armour
Potions
 h - 3 potions of might
 j - a potion of lignification
 k - a potion of cancellation {unknown}
 m - a potion of haste
 p - a potion of heal wounds {unknown}
 q - a potion of magic {unknown}
Books
 c - a book of Maledictions

   Spells                             Type                      Level
   a - Corona                         Hexes                        1
   b - Ensorcelled Hibernation        Hexes/Ice                    2
   c - Confuse                        Hexes                        3
   d - Tukima's Dance                 Hexes                        3
   e - Dazzling Spray                 Conjuration/Hexes            3
Comestibles
 d - 2 bread rations
 l - a royal jelly


   Skills:
 + Level 3.7 Short Blades
 - Level 3.0 Dodging
 + Level 7.9 Stealth
 - Level 4.0 Spellcasting
 + Level 6.6 Hexes


You had 5 spell levels left.
You knew the following spells:

 Your Spells              Type           Power        Failure   Level  Hunger
a - Corona                Hex            ####...      1%          1    None
b - Ensorcelled Hibernat  Hex/Ice        ##....       10%         2    ##.....
c - Confuse               Hex            ####....     3%          3    ###....
d - Tukima's Dance        Hex            ####....     3%          3    ###....


Dungeon Overview and Level Annotations

Branches:
Dungeon (4/15)
 Temple: D:4-7

Altars:
Xom

Shops:
D:4 =

Annotations:
D:4 Edmund


Innate Abilities, Weirdness & Mutations

You are very small and have problems with some larger weapons.
You are too small for most types of armour.
You have supernaturally acute eyesight. (SInv)
You are a herbivore.
You cover ground extremely quickly.
You need consume almost no food.
You are partially covered in molten scales. (AC +2)
You are agile. (Dex +2)
You passively map a small area around you.


Message History

Aiming: Ensorcelled Hibernation
Press: ? - help, Shift-Dir - straight line, f/p - Edmund
Aim: Edmund, wielding a dire flail of protection and wearing a leather armour (confused, chance to defeat MR: 45%)
The iguana looks drowsy...
The helpless iguana fails to defend itself.
You perforate the iguana like a sieve!!!
You kill the iguana!
Found 3 gold pieces and a scroll labeled ZILOCL LYMEOMM.
You hit Edmund but do no damage. You hit Edmund but do no damage.
Edmund hits you with a dire flail of protection.
* * * LOW HITPOINT WARNING * * *
You hit Edmund but do no damage. You hit Edmund but do no damage.
You hit Edmund but do no damage. You hit Edmund.
Edmund is lightly wounded.
Edmund says, "Why is everything spinning?"
Edmund hits you with a dire flail of protection!
You die...

*
#.#...........#.##...#
*,#.'..............
...# *
###.)............. ..#
#................. ,
,#.#........... ....,
# #.#.......... *
##.#.#######....
#........@# ....
#.......@$# ,..
#....?...?# ,
##+#(###### , , , ...#
##### , * * , * , , ,


You could see Edmund (confused).

Vanquished Creatures
  2 ogres
  Crazy Yiuf (D:2)
  2 hounds
  A jelly (D:4)
  A bullfrog zombie (D:3)
  Jessica (D:2)
  Natasha (D:2)
  An iguana (D:4)
  10 adders
  2 oozes
  An adder skeleton (D:4)
  A worm (D:4)
  2 dart slugs (D:1)
  3 orcs
  3 giant cockroaches
  9 goblins
  10 hobgoblins
  7 jackals
  4 kobolds
  5 bats
  5 frilled lizards
  A leopard gecko skeleton (D:4)
  6 rats
79 creatures vanquished.

Vanquished Creatures (others)
  A dancing weapon (D:3)
1 creature vanquished.

Grand Total: 80 creatures vanquished

Notes
Turn   | Place    | Note
-------+----------+-------------------------------------------
     0 | D:1      | KristoblXynda the Spriggan Enchanter began the quest for the Orb.
     0 | D:1      | Reached XP level 1. HP: 9/9 MP: 5/5
   185 | D:1      | Reached XP level 2. HP: 9/13 MP: 7/7
   349 | D:1      | Learned a level 2 spell: Ensorcelled Hibernation
   530 | D:1      | Reached skill level 5 in Stealth
  1029 | D:2      | Reached XP level 3. HP: 4/16 MP: 2/8
  1333 | D:2      | Noticed Natasha
  1336 | D:2      | Killed Natasha
  1341 | D:2      | Learned a level 3 spell: Confuse
  1345 | D:2      | Learned a level 3 spell: Tukima's Dance
  1434 | D:2      | Found a shimmering altar of Xom.
  1474 | D:2      | Reached XP level 4. HP: 21/21 MP: 8/10
  1547 | D:2      | Noticed Jessica
  1556 | D:2      | Killed Jessica
  1556 | D:2      | Reached skill level 6 in Stealth
  1937 | D:2      | Reached skill level 5 in Hexes
  2105 | D:2      | Found a runed door.
  2109 | D:2      | Noticed Crazy Yiuf
  2117 | D:2      | Killed Crazy Yiuf
  2117 | D:2      | Reached XP level 5. HP: 24/24 MP: 6/12
  3002 | D:3      | Reached XP level 6. HP: 28/28 MP: 10/13
  3065 | D:3      | Reached skill level 7 in Stealth
  3248 | D:4      | Found Cuokk's Jewellery Emporium.
  3343 | D:4      | Gained mutation: You passively map a small area around you. [potion of mutation]
  3343 | D:4      | Gained mutation: You occasionally shout uncontrollably at your foes. [potion of mutation]
  3343 | D:4      | Gained mutation: Your magical capacity is low. (-10% MP) [potion of mutation]
  3343 | D:4      | Gained mutation: You are partially covered in rugged brown scales. (AC +1, +3% HP) [potion of mutation]
  3648 | D:4      | Lost mutation: You occasionally shout uncontrollably at your foes. [potion of mutation]
  3648 | D:4      | Lost mutation: You are partially covered in rugged brown scales. (AC +1, +3% HP) [potion of mutation]
  3648 | D:4      | Lost mutation: Your magical capacity is low. (-10% MP) [potion of mutation]
  3648 | D:4      | Gained mutation: You are partially covered in molten scales. (AC +2) [potion of mutation]
  3648 | D:4      | Gained mutation: You are agile. (Dex +2) [potion of mutation]
  3878 | D:4      | Reached XP level 7. HP: 32/32 MP: 2/14
  3982 | D:4      | Noticed Edmund
  4002 | D:4      | Slain by Edmund

Vault maps used:
D:1:      lemuel_arrival_muddy
D:2:      xom_teletrap_fun, uniq_jessica, uniq_natasha, uniq_crazy_yiuf_cottage
D:3:      minmay_door_square
D:4:      serial_shops, nicolae_shop_window_shopping, uniq_edmund

Skill      XL: |  1  2  3  4  5  6 |
---------------+-------------------+-----
Spellcasting   | 3 4 |  4.0
Hexes          | 4 5 6 |  6.6
Stealth        | 5 6 7 |  7.9
Short Blades   | 2 3 |  3.7
Dodging        | |  3.0

Action                   |  1- 3 |  4- 6 |  7- 9 || total
-------------------------+-------+-------+-------++-------
Melee: Dagger            |    81 |   153 |    43 ||   277
 Cast: Ensorcelled Hiber |    13 |    41 |     2 ||    56
       Confuse           |       |     6 |     2 ||     8
       Tukima's Dance    |       |     1 |       ||     1
  Use: Scroll            |       |     8 |       ||     8
       Potion            |       |     4 |       ||     4
 Stab: Sleeping          |    16 |    32 |     1 ||    49
       Confused          |       |     2 |       ||     2
  Eat: Bread ration      |       |     1 |       ||     1
Armor: Robe              |     7 |    18 |     3 ||    28
Dodge: Dodged            |    59 |   116 |    21 ||   196
